cohdb
Replays
Latest Replays
All Replays
Popular Replays
Top Player Replays
Match Explorer
How It Works
Community
CoH3 Stats
Reddit
Sign in to upload your games and track your stats! →
Sign in with Steam
Match 47078268
Unlisted
Match 47078268
Overview
Messages
Build Orders
End
Construct Section Command Post
Infantry Section
Infantry Section
Selects Canadian Shock Battlegroup
Vickers Machine Gun Team
Dingo Light Scout Car
Construct Field Infirmary
Construct Platoon Command Post
Selects Attacking Spirit
Selects Canadian Shock Section
Canadian Shock Section
Infantry Training
Grenade Package
6-pounder Anti-tank Gun Team
Selects Burnout
Selects Pyrotechnics
Construct Company Command Post
Selects Churchill Crocodile Heavy Tank
Churchill Crocodile Heavy Tank
CMP 15cwt Truck
~TAB~ THUND3RCHUNKY
Born to Coom
莱娜.沃伦德丽
Happycat
0
0
Comments
sign in to comment!
No comments posted yet!